TOP OF THE 1ST |
Salem-Keizer Volcanoes batting - Pitching for Eugene Emeralds : RHP Mike Reusch
|
Pitching: RHP Mike Reusch
|
|
Batting: RHB Vinny Torres
|
0-0: Foul Ball, location: 2F 0-1: Foul Ball, location: 2F 0-2: Foul Ball, location: 2F 0-2: Fly out, F6 (Line Drive, 6, EV 64.4 MPH)
|
Batting: LHB Alex Larangho
|
0-0: Ball 1-0: Ground out U3 (Groundball, 3S, EV 67.5 MPH)
|
Batting: RHB Ryan Roberts
|
0-0: Called Strike 0-1: Fly out, F8 (Flyball, 8LD, EV 96.9 MPH)
|
Top of the 1st over - 0 runs, 0 hits, 0 errors, 0 left on base; Salem-Keizer 0 - Eugene 0 |
BOTTOM OF THE 1ST |
Eugene Emeralds batting - Pitching for Salem-Keizer Volcanoes : LHP Jason Haas
|
Pitching: LHP Jason Haas
|
|
Batting: RHB Du Kim
|
0-0: Foul Ball, location: 2F 0-1: Ball 1-1: Swinging Strike 1-2: Ball 2-2: SINGLE (Groundball, 6D, EV 106.2 MPH)
|
Batting: RHB Ricky Ramirez
|
0-0: Called Strike 0-1: Swinging Strike 0-2: Foul Ball, location: 2F 0-2: Ball 1-2: Fielders Choice at 2nd, 1-6 (Groundball, 13S, EV 66.9 MPH)
|
Batting: RHB Mike Hill
|
0-0: Foul Ball, location: 2F 0-1: Fly out, F9 (Flyball, 9, EV 95.0 MPH)
|
Batting: RHB Bill Holmes
|
0-0: Fielders Choice at 2nd, 6-4 (Groundball, 6, EV 84.4 MPH)
|
Bottom of the 1st over - 0 runs, 1 hit, 0 errors, 1 left on base; Salem-Keizer 0 - Eugene 0 |
TOP OF THE 2ND |
Salem-Keizer Volcanoes batting - Pitching for Eugene Emeralds : RHP Mike Reusch
|
Batting: LHB Emilio Ortez
|
0-0: Ball 1-0: Ball 2-0: Foul Ball, location: 2F 2-1: Fly out, F9 (Line Drive, 9S, EV 94.4 MPH)
|
Batting: RHB Joey Black
|
0-0: Called Strike 0-1: Swinging Strike 0-2: Ball 1-2: DOUBLE (Flyball, 78XD, EV 98.1 MPH)
|
Batting: RHB Malik Sharpless
|
0-0: Ball 1-0: Called Strike 1-1: Ground out 2-3 (Groundball, 2R, EV 65.0 MPH) Joey Black to third
|
Batting: RHB Ed Broomhead
|
0-0: Foul Ball, location: 2F 0-1: Ground out U3 (Groundball, 34, EV 84.4 MPH)
|
Top of the 2nd over - 0 runs, 1 hit, 0 errors, 1 left on base; Salem-Keizer 0 - Eugene 0 |
BOTTOM OF THE 2ND |
Eugene Emeralds batting - Pitching for Salem-Keizer Volcanoes : LHP Jason Haas
|
Batting: RHB Adrian Cox
|
0-0: Ball 1-0: SINGLE (Line Drive, 8LS, EV 111.9 MPH)
|
Batting: RHB Jorge Lagunas
|
0-0: Ball 1-0: Called Strike 1-1: Fly out, F6 (Line Drive, 56, EV 73.1 MPH)
|
Batting: RHB Gilberto Alvarado
|
0-0: Fielders Choice at 2nd, 6-4 (Groundball, 6, EV 105.0 MPH)
|
Batting: RHB Dan Orozco
|
0-0: Ball 1-0: Foul Ball, location: 2F 1-1: SINGLE (Line Drive, 6M, EV 98.8 MPH) Gilberto Alvarado to second
|
Batting: RHB David Bousfield
|
0-0: Ball 1-0: Ball 2-0: Ball 3-0: Base on Balls Gilberto Alvarado to third Dan Orozco to second
|
Batting: RHB Du Kim
|
0-0: Ground out 1-3 (Groundball, 13, EV 71.9 MPH)
|
Bottom of the 2nd over - 0 runs, 2 hits, 0 errors, 3 left on base; Salem-Keizer 0 - Eugene 0 |
TOP OF THE 3RD |
Salem-Keizer Volcanoes batting - Pitching for Eugene Emeralds : RHP Mike Reusch
|
Batting: RHB Jonathan Hemsley
|
0-0: Ball 1-0: Ball 2-0: Foul Ball, location: 2F 2-1: Swinging Strike 2-2: Ball 3-2: Strikes out swinging
|
Batting: SHB Michael Woodard
|
0-0: Ball 1-0: Called Strike 1-1: Called Strike 1-2: Strikes out swinging
|
Batting: RHB Vinny Torres
|
0-0: Called Strike 0-1: Ball 1-1: Ball 2-1: Fly out, F4 (Flyball, 4MD, EV 94.4 MPH)
|
Top of the 3rd over - 0 runs, 0 hits, 0 errors, 0 left on base; Salem-Keizer 0 - Eugene 0 |
BOTTOM OF THE 3RD |
Eugene Emeralds batting - Pitching for Salem-Keizer Volcanoes : LHP Jason Haas
|
Batting: RHB Ricky Ramirez
|
0-0: Ball 1-0: Ground out U3 (Groundball, 13, EV 85.0 MPH)
|
Batting: RHB Mike Hill
|
0-0: Foul Ball, location: 2F 0-1: Ball 1-1: Fly out, F8 (Flyball, 8LS, EV 96.2 MPH)
|
Batting: RHB Bill Holmes
|
0-0: Ball 1-0: Ball 2-0: SINGLE (Groundball, 56, EV 101.9 MPH)
|
Batting: RHB Adrian Cox
|
0-0: Ball 1-0: Called Strike 1-1: Ground out U3 (Groundball, 3, EV 110.6 MPH)
|
Bottom of the 3rd over - 0 runs, 1 hit, 0 errors, 1 left on base; Salem-Keizer 0 - Eugene 0 |
TOP OF THE 4TH |
Salem-Keizer Volcanoes batting - Pitching for Eugene Emeralds : RHP Mike Reusch
|
Batting: LHB Alex Larangho
|
0-0: Called Strike 0-1: Ball 1-1: Ball 2-1: Ball 3-1: Base on Balls
|
Batting: RHB Ryan Roberts
|
0-0: Ball 1-0: Fielders Choice at 2nd, 1-6 (Groundball, 13S, EV 68.1 MPH)
|
Batting: LHB Emilio Ortez
|
0-0: Foul Ball, location: 2F 0-1: Ball 1-1: Ball 2-1: Ball 3-1: Reached via error on a dropped throw from 2B, E3 (Groundball, 34, EV 102.5 MPH) Ryan Roberts to second
|
Batting: RHB Joey Black
|
0-0: Called Strike 0-1: Foul Ball, location: 2F 0-2: Strikes out swinging
|
Batting: RHB Malik Sharpless
|
0-0: Ball 1-0: Foul Ball, location: 2F 1-1: Called Strike 1-2: Ball 2-2: Foul Ball, location: 2F 2-2: Ball 3-2: Base on Balls Ryan Roberts to third Emilio Ortez to second
|
Batting: RHB Ed Broomhead
|
0-0: Called Strike 0-1: Called Strike 0-2: Foul Ball, location: 2F 0-2: SINGLE (Line Drive, 8RS, EV 100.0 MPH) Ryan Roberts scores Emilio Ortez to third Malik Sharpless to second Runner from 3rd tries for Home, SAFE, throw by CF to home
|
Batting: RHB Jonathan Hemsley
|
0-0: Fielders Choice at 2nd, 6-4 (Groundball, 6, EV 83.8 MPH)
|
Top of the 4th over - 2 runs, 1 hit, 1 error, 2 left on base; Salem-Keizer 2 - Eugene 0 |
BOTTOM OF THE 4TH |
Eugene Emeralds batting - Pitching for Salem-Keizer Volcanoes : LHP Jason Haas
|
Batting: RHB Jorge Lagunas
|
0-0: SINGLE (Groundball, 56, EV 103.1 MPH)
|
Batting: RHB Gilberto Alvarado
|
0-0: Called Strike 0-1: Ball 1-1: Ground out 4-3 (Groundball, 34, EV 86.9 MPH) Jorge Lagunas to second
|
Batting: RHB Dan Orozco
|
0-0: Ground out 4-3 (Groundball, 34, EV 98.8 MPH) Jorge Lagunas to third
|
Batting: RHB David Bousfield
|
0-0: Ball 1-0: Swinging Strike 1-1: Ball 2-1: Ball 3-1: Foul Ball, location: 2F 3-2: DOUBLE (Line Drive, 7LM, EV 103.1 MPH) Jorge Lagunas scores
|
Pinch Runner at 2nd Mike Stein:
|
|
Batting: RHB Du Kim
|
0-0: Called Strike 0-1: Foul Ball, location: 2F 0-2: Ball 1-2: Ball 2-2: Ball 3-2: Foul Ball, location: 2F 3-2: Foul Ball, location: 2F 3-2: Base on Balls
|
Batting: RHB Ricky Ramirez
|
0-0: Ball 1-0: Called Strike 1-1: Ball 2-1: SINGLE (Groundball, 56D, EV 106.9 MPH) Mike Stein to third Du Kim to second Runner from 3rd tries for Home, throw by LF and OUT! 7-2
|
Bottom of the 4th over - 1 run, 3 hits, 0 errors, 2 left on base; Salem-Keizer 2 - Eugene 1 |
TOP OF THE 5TH |
Salem-Keizer Volcanoes batting - Pitching for Eugene Emeralds : RHP Mike Reusch
|
Now at 2B: Mike Stein
|
|
Now at SS: Dan Orozco
|
|
Batting: SHB Michael Woodard
|
0-0: Ball 1-0: Ball 2-0: Ball 3-0: Base on Balls
|
Batting: RHB Vinny Torres
|
0-0: Swinging Strike 0-1: Swinging Strike Passed Ball! Michael Woodard to second 0-2: Foul Ball, location: 2F 0-2: Foul Ball, location: 2F 0-2: Ball 1-2: Ball Passed Ball! Michael Woodard to third 2-2: Strikes out looking
|
Batting: LHB Alex Larangho
|
0-0: Ball 1-0: Ball 2-0: DOUBLE (Groundball, 3L, EV 98.8 MPH) Michael Woodard scores
|
Pitching: RHP Francisco Landin
|
|
Batting: RHB Ryan Roberts
|
0-0: Called Strike 0-1: Called Strike 0-2: Foul Ball, location: 2F 0-2: Strikes out swinging
|
Batting: LHB Emilio Ortez
|
0-0: Ball 1-0: Ball 2-0: Foul Ball, location: 2F 2-1: Ball 3-1: Base on Balls
|
Batting: RHB Joey Black
|
0-0: Ball 1-0: SINGLE (Groundball, 56D, EV 106.2 MPH) Alex Larangho to third Emilio Ortez to second Runner from 3rd tries for Home, SAFE, throw by LF to home
|
Batting: RHB Malik Sharpless
|
0-0: Ball 1-0: Ground out 6-3 (Groundball, 6MD, EV 86.9 MPH)
|
Top of the 5th over - 2 runs, 2 hits, 0 errors, 2 left on base; Salem-Keizer 4 - Eugene 1 |
BOTTOM OF THE 5TH |
Eugene Emeralds batting - Pitching for Salem-Keizer Volcanoes : LHP Jason Haas
|
Batting: RHB Mike Hill
|
0-0: Ball 1-0: Ball 2-0: Foul Ball, location: 2F 2-1: Ball 3-1: Base on Balls
|
Batting: RHB Bill Holmes
|
0-0: Fly out, F7 (Flyball, 78D, EV 86.2 MPH)
|
Batting: RHB Adrian Cox
|
0-0: Ball 1-0: Reached on error, E5 (Groundball, 56, EV 78.8 MPH) Mike Hill to second
|
Batting: RHB Jorge Lagunas
|
0-0: Ball 1-0: Fielders Choice at 2nd, 5-4 (Groundball, 5, EV 88.8 MPH) Mike Hill to third
|
Batting: RHB Gilberto Alvarado
|
0-0: Called Strike 0-1: Foul Ball, location: 2F 0-2: Ground out U3 (Groundball, 34, EV 105.0 MPH)
|
Bottom of the 5th over - 0 runs, 0 hits, 1 error, 2 left on base; Salem-Keizer 4 - Eugene 1 |
TOP OF THE 6TH |
Salem-Keizer Volcanoes batting - Pitching for Eugene Emeralds : RHP Francisco Landin
|
Batting: RHB Ed Broomhead
|
0-0: Ball 1-0: Foul Ball, location: 2F 1-1: Ground out 6-3 (Groundball, 6, EV 86.9 MPH)
|
Batting: RHB Jonathan Hemsley
|
0-0: Ball 1-0: Called Strike 1-1: Foul Ball, location: 2F 1-2: Strikes out looking
|
Batting: SHB Michael Woodard
|
0-0: Ball 1-0: Fly out, F9 (Flyball, 89M, EV 88.1 MPH)
|
Top of the 6th over - 0 runs, 0 hits, 0 errors, 0 left on base; Salem-Keizer 4 - Eugene 1 |
BOTTOM OF THE 6TH |
Eugene Emeralds batting - Pitching for Salem-Keizer Volcanoes : LHP Jason Haas
|
Batting: RHB Dan Orozco
|
0-0: Called Strike 0-1: Foul Ball, location: 2F 0-2: Reached on error, E6 (Groundball, 6, EV 81.9 MPH)
|
Batting: RHB Mike Stein
|
0-0: Swinging Strike 0-1: Ball 1-1: Ground out 5-3 (Groundball, 5, EV 86.2 MPH)
|
Batting: RHB Du Kim
|
0-0: Called Strike 0-1: Fly out, F6 (Flyball, 56D, EV 89.4 MPH)
|
Pitching: RHP James Jenkins
|
|
Batting: RHB Ricky Ramirez
|
0-0: Foul Ball, location: 2F 0-1: Foul Ball, location: 2F 0-2: Ball 1-2: Ball 2-2: Ball 3-2: Base on Balls
|
Batting: RHB Mike Hill
|
0-0: Hit by Pitch Dan Orozco to third Ricky Ramirez to second
|
Batting: RHB Bill Holmes
|
0-0: Foul Ball, location: 2F 0-1: Foul Ball, location: 2F 0-2: SINGLE (Groundball, P, EV 84.4 MPH) (infield hit) Dan Orozco scores Ricky Ramirez to third Mike Hill to second
|
Batting: RHB Adrian Cox
|
0-0: Ball 1-0: Fly out, F7 (Flyball, 7S, EV 83.8 MPH)
|
Bottom of the 6th over - 1 run, 1 hit, 1 error, 3 left on base; Salem-Keizer 4 - Eugene 2 |
TOP OF THE 7TH |
Salem-Keizer Volcanoes batting - Pitching for Eugene Emeralds : RHP Francisco Landin
|
Batting: RHB Vinny Torres
|
0-0: Ball 1-0: Ball 2-0: Foul Ball, location: 2F 2-1: Called Strike 2-2: SINGLE (Line Drive, 3L, EV 99.4 MPH)
|
Pitching: LHP Jose Gutierres
|
|
Batting: LHB Alex Larangho
|
0-0: Called Strike 0-1: Ball 1-1: Foul Ball, location: 2F 1-2: Ball 2-2: Strikes out looking
|
Batting: RHB Ryan Roberts
|
0-0: Ball 1-0: Called Strike 1-1: Ball 2-1: Ball 3-1: Swinging Strike 3-2: Strikes out swinging
|
Batting: LHB Emilio Ortez
|
0-0: Ball 1-0: Called Strike 1-1: Ball Vinny Torres is caught stealing 2nd base 2-6
|
Top of the 7th over - 0 runs, 1 hit, 0 errors, 0 left on base; Salem-Keizer 4 - Eugene 2 |
BOTTOM OF THE 7TH |
Eugene Emeralds batting - Pitching for Salem-Keizer Volcanoes : RHP James Jenkins
|
Batting: RHB Jorge Lagunas
|
0-0: Ball 1-0: Ball 2-0: Ball 3-0: Base on Balls
|
Batting: RHB Gilberto Alvarado
|
0-0: Ball 1-0: Ball 2-0: Ball 3-0: Base on Balls Jorge Lagunas to second
|
Pitching: RHP Chance Robinson
|
|
Batting: RHB Dan Orozco
|
0-0: Ball 1-0: Ball 2-0: Bunted foul 2-1: Sac Bunt to 5S - play at first, batter OUT! 5-4 Jorge Lagunas to third Gilberto Alvarado to second
|
Batting: RHB Mike Stein
|
0-0: Foul Ball, location: 2F 0-1: Ball 1-1: Ball 2-1: SINGLE (Flyball, 7LS, EV 86.2 MPH) Jorge Lagunas scores Gilberto Alvarado to third
|
Batting: RHB Du Kim
|
0-0: Ball 1-0: Ball 2-0: Ball 3-0: Base on Balls Mike Stein to second
|
Batting: RHB Ricky Ramirez
|
0-0: Grounds into fielders choice 6-2 (Groundball, 6, EV 98.8 MPH) Mike Stein to third Du Kim to second
|
Batting: RHB Mike Hill
|
0-0: Fielders Choice at 2nd, 5-4 (Groundball, 56, EV 105.0 MPH)
|
Bottom of the 7th over - 1 run, 1 hit, 0 errors, 3 left on base; Salem-Keizer 4 - Eugene 3 |
TOP OF THE 8TH |
Salem-Keizer Volcanoes batting - Pitching for Eugene Emeralds : LHP Jose Gutierres
|
Batting: LHB Emilio Ortez
|
0-0: Ball 1-0: Called Strike 1-1: Ball 2-1: Swinging Strike 2-2: SINGLE (Flyball, 8LS, EV 85.0 MPH)
|
Batting: RHB Joey Black
|
0-0: Fielders Choice at 2nd, U6 (Groundball, P, EV 83.8 MPH)
|
Batting: RHB Malik Sharpless
|
0-0: Called Strike 0-1: Ball 1-1: Ball 2-1: Foul Ball, location: 2F 2-2: Strikes out swinging
|
Batting: RHB Ed Broomhead
|
0-0: Ball 1-0: Ball 2-0: Fly out, F9 (Flyball, 9, EV 85.0 MPH)
|
Top of the 8th over - 0 runs, 1 hit, 0 errors, 1 left on base; Salem-Keizer 4 - Eugene 3 |
BOTTOM OF THE 8TH |
Eugene Emeralds batting - Pitching for Salem-Keizer Volcanoes : RHP Chance Robinson
|
Now at 1B: Jose Sanchez
|
|
Batting: RHB Bill Holmes
|
0-0: SINGLE (Groundball, 6MD, EV 95.6 MPH)
|
Pinch Hitting: LHB Emir Jalil
|
0-0: Ball 1-0: Ball 2-0: Swinging Strike 2-1: Ball Balk! Bill Holmes to second 3-1: Foul Ball, location: 2F 3-2: Ground out 4-3 (Groundball, 4MS, EV 83.1 MPH) Bill Holmes to third
|
Batting: RHB Jorge Lagunas
|
0-0: Foul Ball, location: 2F 0-1: Swinging Strike 0-2: Ball 1-2: Strikes out looking
|
Batting: RHB Gilberto Alvarado
|
0-0: Ball 1-0: Ball 2-0: Ball 3-0: Called Strike 3-1: Ground out 5-3 (Groundball, 56, EV 90.0 MPH)
|
Bottom of the 8th over - 0 runs, 1 hit, 0 errors, 1 left on base; Salem-Keizer 4 - Eugene 3 |
TOP OF THE 9TH |
Salem-Keizer Volcanoes batting - Pitching for Eugene Emeralds : LHP Jose Gutierres
|
Now in LF: Gilberto Alvarado
|
|
Now in RF: Emir Jalil
|
|
Batting: RHB Jonathan Hemsley
|
0-0: Called Strike 0-1: Foul Ball, location: 2F 0-2: Strikes out swinging
|
Batting: SHB Michael Woodard
|
0-0: DOUBLE (Line Drive, 89M, EV 110.0 MPH)
|
Batting: RHB Vinny Torres
|
0-0: Called Strike 0-1: Ball 1-1: Foul Ball, location: 2F 1-2: Fly out, F8 (Flyball, 8RM, EV 77.5 MPH)
|
Batting: LHB Alex Larangho
|
0-0: Called Strike 0-1: Ball 1-1: Ball 2-1: Called Strike 2-2: Foul Ball, location: 2F 2-2: Strikes out swinging
|
Top of the 9th over - 0 runs, 1 hit, 0 errors, 1 left on base; Salem-Keizer 4 - Eugene 3 |
BOTTOM OF THE 9TH |
Eugene Emeralds batting - Pitching for Salem-Keizer Volcanoes : RHP Chance Robinson
|
Pinch Hitting: RHB Mike Larson
|
0-0: Ball 1-0: Ball 2-0: Foul Ball, location: 2F 2-1: SINGLE (Groundball, 56D, EV 100.6 MPH)
|
Batting: RHB Mike Stein
|
0-0: Called Strike 0-1: Foul Ball, location: 2F 0-2: Ball 1-2: Ball 2-2: SINGLE (Groundball, 56D, EV 98.1 MPH) Mike Larson to second
|
Batting: RHB Du Kim
|
0-0: Bunt missed! 0-1: Bunt missed! 0-2: Strikes out swinging
|
Batting: RHB Ricky Ramirez
|
0-0: Called Strike 0-1: SINGLE (Groundball, 4MD, EV 100.0 MPH) Mike Larson to third Mike Stein to second Runner from 3rd tries for Home, SAFE, throw by CF to home
|
Batting: RHB Mike Hill
|
0-0: Called Strike 0-1: Swinging Strike 0-2: Ball 1-2: Ball 2-2: Foul Ball, location: 2F 2-2: Foul Ball, location: 2F 2-2: Foul Ball, location: 2F 2-2: Foul Ball, location: 2F 2-2: Strikes out swinging
|
Batting: RHB Bill Holmes
|
0-0: Ball 1-0: Ball 2-0: Foul Ball, location: 2F 2-1: SINGLE (Groundball, 34D, EV 99.4 MPH) Mike Stein to third Ricky Ramirez to second Runner from 3rd tries for Home, SAFE, throw by RF to home
|
Bottom of the 9th over - 2 runs, 4 hits, 0 errors, 2 left on base; Salem-Keizer 4 - Eugene 5 |
|